Map: [ESL] Alcyone

Players

Harstem - Winner!

  • Race: Protoss Protoss
  • Spawn Location: 1:00

GunGFuBanDa

  • Race: Protoss Protoss
  • Spawn Location: 7:00

Event: ESL SC2 Masters 2024 Spring (Regional)

VOD

Have the link to the VOD?

Description

Time

  • Played on: April 18, 2024, 10:17 a.m.
  • Length: 30:35

All games in this series

Show
View Real Time Build Order
Export as new Build Order

Harstem Protoss - Winner!

Build Orders: Phoenix Opening, Blink Stalkers 

Get SALT Encoding   

  12  0:00  Probe  
  13  0:12  Probe  
  14  0:17  Pylon  
  14  0:24  Probe (Chrono Boost)  
  15  0:36  Probe (Chrono Boost)  
  15  0:39  Gateway  
  16  0:44  Probe (Chrono Boost)  
  16  0:49  Assimilator  
  17  0:51  Probe  
  17  0:56  Assimilator  
  18  1:03  Probe (Chrono Boost)  
  19  1:10  Gateway  
  19  1:13  Probe (Chrono Boost)  
  19  1:18  Probe (Chrono Boost)  
  21  1:25  Cybernetics Core  
  21  1:30  Probe  
  22  1:34  Pylon  
  22  1:42  Probe  
  23  1:54  Probe  
  24  2:02  Warp Gate, Stalker  
  24  2:06  Probe  
  29  2:08  Sentry  
  29  2:17  Pylon  
  29  2:19  Probe  
  30  2:35  Sentry  
  30  2:36  Probe  
  34  2:45  Sentry  
  34  2:48  Nexus  
  34  2:52  Probe  
  35  3:00  Pylon  
  35  3:04  Robotics Facility  
  35  3:05  Probe  
  36  3:17  Probe  
  37  3:30  Twilight Council, Probe (Chrono Boost)  
  38  3:39  Probe (Chrono Boost)  
  39  3:46  Probe  
  39  3:47  Nexus  
  40  3:50  Stalker  
  40  3:51  Phoenix  
  40  3:54  Stalker  
  44  3:58  Probe  
  44  3:59  Blink (Chrono Boost)  
  45  4:08  Probe  
  45  4:12  Probe  
  46  4:19  Stalker  
  46  4:21  Probe  
  50  4:24  Probe  
  50  4:27  Stalker  
  52  4:33  Probe  
  52  4:36  Probe  
  54  4:43  Stalker  
  54  4:45  Probe  
  57  4:48  Probe  
  57  4:50  Pylon  
  58  4:53  Phoenix  
  58  4:57  Probe  
  58  4:58  Stalker  
  58  4:59  Probe  
  62  5:00  Probe  
  63  5:09  Probe  
  63  5:10  Stalker  
  63  5:11  Probe  
  63  5:12  Probe  
  68  5:14  Pylon  
  68  5:16  Forge  
  68  5:17  Gateway  
  68  5:21  Probe  
  68  5:22  Stalker  
  68  5:24  Probe  
  68  5:25  Probe  
  73  5:33  Probe  
  74  5:38  Stalker  
  74  5:41  Pylon, Probe  
  74  5:42  Probe  
  76  5:46  Stalker  
  76  5:48  Probe  
  79  5:52  Charge  
  79  5:58  Probe (Chrono Boost)  
  79  6:01  Stalker  
  76  6:08  Protoss Ground Weapons Level 1 (Chrono Boost)  
  76  6:10  Stalker, Probe (Chrono Boost)  
  78  6:12  Probe (Chrono Boost)  
  78  6:13  Probe (Chrono Boost)  
  78  6:14  Stalker  
  78  6:18  Probe (Chrono Boost)  
  81  6:20  Probe (Chrono Boost)  
  81  6:21  Probe (Chrono Boost)  
  81  6:24  Probe  
  83  6:30  Stalker  
  83  6:31  Probe  
  83  6:32  Probe (Chrono Boost)  
  80  6:37  Probe (Chrono Boost)  
  77  6:43  Phoenix, Probe (Chrono Boost)  
  78  6:48  Gateway  
  78  6:49  Probe (Chrono Boost)  
  78  6:50  Probe (Chrono Boost), Gateway  
  78  6:53  Probe (Chrono Boost)  
  80  6:54  Gateway  
  80  6:55  Probe (Chrono Boost)  
  80  6:58  Probe x2 (Chrono Boost)  
  83  7:03  Probe  
  83  7:08  Probe  
  85  7:09  Probe, Nexus  
  85  7:10  Pylon  
  85  7:13  Robotics Facility  
  85  7:14  Zealot  
  85  7:15  Probe  
  89  7:20  Probe  
  89  7:21  Probe  
  89  7:22  Zealot x2  
  94  7:27  Probe  
  95  7:30  Assimilator  
  95  7:32  Probe  
  95  7:33  Probe  
  95  7:36  Gateway  
  97  7:39  Zealot  
  97  7:40  Phoenix, Probe, Gateway  
  97  7:42  Pylon  
  100  7:45  Probe  
  100  7:48  Probe  
  102  7:51  Zealot x3  
  102  7:52  Probe  
  109  8:00  Probe x2  
  109  8:03  Protoss Ground Weapons Level 2 (Chrono Boost)  
  109  8:04  Pylon, Probe  
  112  8:06  Pylon  
  112  8:08  Shield Battery  
  112  8:09  Pylon  
  112  8:10  Warp Prism (Chrono Boost)  
  112  8:12  Probe x2  
  114  8:18  Assimilator  
  114  8:19  Pylon  
  116  8:23  Zealot x4  
  124  8:31  Zealot x3  
  130  8:36  Observer  
  130  8:37  Photon Cannon  
  131  8:44  Zealot  
  131  8:45  Zealot x4  
  141  8:51  Probe  
  141  8:52  Forge  
  141  8:53  Zealot x3  
  141  8:54  Probe  
  147  8:58  Pylon  
  147  9:03  Probe  
  147  9:05  Nexus  
  147  9:08  Zealot x2, Gateway  
  152  9:11  Gateway  
  152  9:22  Zealot x6  
  148  9:24  Protoss Ground Armor Level 1 (Chrono Boost)  
  148  9:29  Probe  
  137  9:31  Stalker x2  
  137  9:34  Robotics Bay  
  137  9:35  Robotics Facility, Probe  
  137  9:38  Probe  
  143  9:43  Probe  
  143  9:44  Shield Battery x2  
  143  9:45  Pylon  
  142  9:51  Stalker x5  
  152  9:55  Probe  
  152  9:57  Stalker x3  
  159  10:04  Probe  
  158  10:08  Photon Cannon  
  158  10:16  Stalker x4  
  158  10:18  Shield Battery  
  164  10:24  Disruptor (Chrono Boost)  
  164  10:28  Zealot x2  
  174  10:29  Disruptor (Chrono Boost)  
  174  10:35  Probe  
  173  10:36  Pylon  
  171  10:43  Zealot x5  
  177  10:53  Zealot x5  
  177  10:56  Disruptor (Chrono Boost)  
  185  10:57  Assimilator  
  185  10:58  Assimilator  
  185  10:59  Photon Cannon  
  185  11:01  Photon Cannon  
  193  11:05  Disruptor (Chrono Boost), Photon Cannon  
  193  11:07  Shield Battery  
  193  11:09  Photon Cannon  
  188  11:21  Observer  
  184  11:33  Zealot x8  
  184  11:35  Photon Cannon  
  190  11:41  Protoss Ground Weapons Level 3 (Chrono Boost)  
  190  11:42  Protoss Ground Armor Level 2 (Chrono Boost)  
  184  11:58  Zealot x8  
  175  12:23  Zealot x4, Stalker  
  175  12:24  Zealot x5  
  175  12:26  Disruptor (Chrono Boost)  
  175  12:28  Probe  
  188  12:34  Probe x2  
  188  12:36  Assimilator, Probe  
  187  12:37  Disruptor (Chrono Boost)  
  187  12:39  Assimilator  
  187  12:41  Probe  
  188  12:46  Zealot x6  
  188  12:47  Nexus  
  188  12:50  Assimilator x2  
  200  12:53  Pylon  
  198  13:26  Observer (Chrono Boost)  
  198  13:27  Gravitic Boosters (Chrono Boost)  
  198  13:33  Observer (Chrono Boost), Dark Shrine  
  200  13:34  Photon Cannon  
  200  13:35  Photon Cannon  
  200  13:36  Photon Cannon  
  200  13:38  Photon Cannon  
  200  13:39  Photon Cannon  
  200  13:40  Photon Cannon  
  200  13:42  Photon Cannon  
  200  13:44  Protoss Ground Armor Level 3 (Chrono Boost)  
  200  13:46  Shield Battery  
  200  13:47  Pylon  
  200  13:50  Protoss Shields Level 1 (Chrono Boost)  
  198  14:05  Nexus  
  198  14:07  Pylon  
  188  14:11  Assimilator, Disruptor x2  
  188  14:15  Assimilator  
  180  14:20  Stalker x10  
  200  14:24  Photon Cannon  
  200  14:28  Photon Cannon x2  
  200  14:30  Photon Cannon  
  200  14:32  Photon Cannon  
  200  14:33  Photon Cannon  
  200  14:34  Shield Battery  
  200  14:39  Pylon  
  200  14:50  Shadow Stride (Chrono Boost)  
  200  15:12  Stalker x10  
  173  15:24  Disruptor  
  175  15:32  Disruptor (Chrono Boost)  
  175  15:36  Dark Templar x3  
  175  15:37  Zealot x7  
  183  15:43  Robotics Facility  
  183  15:45  Robotics Facility  
  183  15:47  Photon Cannon  
  183  15:49  Pylon  
  169  15:50  Photon Cannon  
  161  16:01  Zealot x3, Stalker x4  
  175  16:04  Disruptor (Chrono Boost)  
  175  16:07  Disruptor (Chrono Boost)  
  175  16:09  Stalker x3  
  175  16:10  Protoss Shields Level 2 (Chrono Boost)  
  175  16:14  Probe  
  168  16:22  Dark Templar  
  168  16:23  Zealot, Dark Templar  
  168  16:25  Stalker x4  
  176  16:33  Disruptor  
  176  16:36  Disruptor  
  176  16:38  Zealot x3  
  190  16:41  Probe  
  189  16:49  Stalker x5  
  189  16:50  Observer  
  194  17:02  Dark Templar  
  194  17:03  Zealot x2  
  194  17:08  Zealot, Dark Templar  
  194  17:10  Photon Cannon  
  194  17:12  Photon Cannon  
  194  17:14  Photon Cannon  
  192  17:30  Zealot x3, Dark Templar  
  192  17:35  Stalker  
  200  17:41  Shield Battery  
  200  17:46  Photon Cannon  
  200  17:48  Photon Cannon  
  196  18:00  Stalker  
  196  18:01  Stalker x3  
  185  18:35  Zealot x4, Dark Templar x3  
  189  18:49  Nexus  
  189  18:55  Zealot x4  
  192  18:57  Nexus  
  187  19:11  Zealot x5  
  193  19:19  Stalker x3  
  192  19:31  Stalker x4  
  197  19:43  Stalker x5  
  198  19:52  Dark Templar  
  192  19:57  Stalker x4  
  174  20:30  Stalker x4  
  174  20:31  Stalker x6  
  194  20:41  Pylon  
  192  20:44  Assimilator x2  
  192  20:45  Observer (Chrono Boost)  
  190  20:53  Observer (Chrono Boost)  
  190  20:54  Pylon  
  190  20:56  Stalker x6  
  200  20:57  Assimilator  
  184  21:12  Observer  
  184  21:13  Protoss Shields Level 3 (Chrono Boost)  
  184  21:14  Stalker x4  
  192  21:23  Stalker x6  
  196  21:31  Photon Cannon  
  196  21:33  Shield Battery  
  196  21:34  Photon Cannon  
  196  21:46  Nexus  
  153  22:03  Stalker x10  
  153  22:06  Observer (Chrono Boost)  
  165  22:12  Observer (Chrono Boost)  
  153  22:16  Probe  
  153  22:17  Probe x2  
  153  22:18  Probe x2  
  153  22:20  Observer (Chrono Boost)  
  153  22:22  Probe  
  154  22:25  Observer (Chrono Boost)  
  154  22:26  Shield Battery  
  154  22:29  Dark Templar x2  
  159  22:30  Dark Templar  
  159  22:33  Stalker x7  
  159  22:35  Disruptor  
  179  22:39  Probe  
  180  22:44  Disruptor  
  170  22:58  Zealot x3  
  170  22:59  Zealot x4  
  170  23:02  Probe  
  184  23:08  Observer  
  185  23:16  Probe  
  185  23:17  Probe x7  
  191  23:26  Stalker x6  
  195  23:37  Dark Templar  
  182  23:52  Stalker x8  
  182  23:53  Stalker  
  187  23:58  Pylon  
  187  24:05  Stargate  
  187  24:08  Pylon  
  187  24:11  Protoss Air Weapons Level 1 (Chrono Boost)  
  187  24:12  Probe  
  187  24:15  Probe  
  187  24:16  Stalker x5  
  195  24:32  Photon Cannon  
  195  24:33  Shield Battery  
  195  24:34  Pylon  
  195  24:36  Photon Cannon, Probe  
  194  24:38  Pylon  
  194  24:39  Probe  
  194  24:42  Unknown  
  195  24:53  Fleet Beacon, Nexus  
  195  24:56  Stargate  
  195  24:58  Stargate  
  195  25:06  Stalker x4  
  195  25:07  Stalker  
  199  25:21  Zealot x3, Dark Templar  
  196  25:35  Probe  
  197  25:39  Pylon  
  196  25:51  Probe x2  
  196  25:52  Probe  
  199  25:58  Carrier x2 (Chrono Boost)  
  199  26:01  Protoss Air Weapons Level 2  
  191  26:05  Stalker  
  191  26:06  Stalker x5  
  191  26:08  Probe  
  191  26:11  Carrier (Chrono Boost), Stalker x4  
  181  26:33  Zealot x5, Stalker  
  181  26:34  Zealot  
  181  26:39  Zealot, Dark Templar  
  198  27:06  Carrier (Chrono Boost)  
  198  27:16  Probe  
  198  27:18  Templar Archives  
  197  27:30  Observer  
  196  27:45  Carrier (Chrono Boost)  
  196  27:48  Carrier (Chrono Boost)  
  196  27:49  Observer  
  196  27:50  Observer  
  200  28:00  Carrier (Chrono Boost)  
  178  28:25  High Templar x4, Mothership (Chrono Boost), Probe (Chrono Boost)  
  178  28:26  High Templar x2  
  188  28:32  Archon x3  
  187  28:37  Probe (Chrono Boost)  
  187  28:38  Zealot x4, Photon Cannon  
  187  28:40  Carrier (Chrono Boost)  
  199  28:42  Photon Cannon  
  199  28:48  Carrier (Chrono Boost)  
  198  28:59  Photon Cannon  
  198  29:00  Photon Cannon  
  198  29:02  Pylon  
  195  29:14  Sentry  
  195  29:18  Dark Templar x2  
  195  29:22  Archon  
  199  29:36  Observer  
  183  29:54  Stalker x9  
  197  30:08  Archon  
  197  30:10  Probe  
  199  30:21  Nexus  
  189  30:30  Unknown  
  189  30:34  Pylon  
Show
View Real Time Build Order
Export as new Build Order

GunGFuBanDa Protoss 

Build Orders: Oracle Opening, Archon Immortal, Carriers 

Get SALT Encoding   

  12  0:00  Probe  
  13  0:12  Probe  
  14  0:17  Pylon  
  14  0:24  Probe (Chrono Boost)  
  15  0:36  Probe (Chrono Boost), Gateway  
  16  0:43  Probe (Chrono Boost)  
  16  0:46  Assimilator  
  17  0:51  Probe  
  17  0:54  Assimilator  
  18  1:03  Probe (Chrono Boost)  
  19  1:07  Gateway  
  19  1:12  Probe (Chrono Boost)  
  19  1:17  Probe (Chrono Boost)  
  20  1:24  Cybernetics Core  
  21  1:29  Probe  
  22  1:34  Pylon  
  22  1:41  Probe  
  23  1:53  Probe  
  24  2:00  Warp Gate, Stalker, Adept  
  28  2:15  Pylon  
  28  2:21  Stargate  
  28  2:30  Pylon  
  28  2:48  Nexus  
  28  2:49  Sentry  
  30  2:56  Probe  
  31  3:02  Oracle (Chrono Boost)  
  34  3:08  Probe  
  34  3:12  Shield Battery  
  35  3:21  Probe  
  36  3:29  Oracle (Chrono Boost)  
  36  3:31  Pylon  
  39  3:47  Robotics Facility  
  39  3:49  Probe  
  41  4:03  Probe (Chrono Boost)  
  41  4:06  Probe (Chrono Boost)  
  41  4:08  Stalker  
  41  4:09  Stalker  
  46  4:12  Probe (Chrono Boost)  
  46  4:15  Probe (Chrono Boost)  
  48  4:17  Probe (Chrono Boost)  
  49  4:25  Probe  
  49  4:29  Probe  
  51  4:33  Immortal (Chrono Boost)  
  51  4:38  Probe  
  56  4:41  Probe  
  57  4:48  Stalker x2  
  57  4:50  Pylon, Probe  
  62  4:59  Pylon  
  62  5:08  Nexus, Probe  
  62  5:14  Immortal (Chrono Boost)  
  63  5:19  Probe  
  68  5:21  Probe  
  68  5:27  Stalker x2  
  73  5:31  Probe  
  73  5:34  Probe  
  75  5:43  Probe  
  75  5:46  Probe  
  77  5:50  Forge  
  77  5:51  Twilight Council  
  77  5:55  Probe  
  78  6:02  Probe  
  75  6:09  Immortal  
  75  6:15  Probe (Chrono Boost)  
  75  6:16  Assimilator  
  75  6:17  Assimilator  
  77  6:21  Probe (Chrono Boost)  
  77  6:24  Probe (Chrono Boost)  
  77  6:25  Probe (Chrono Boost)  
  77  6:27  Zealot, Sentry  
  77  6:28  Probe (Chrono Boost)  
  77  6:29  Probe, Shield Battery  
  75  6:41  Blink (Chrono Boost)  
  75  6:45  Probe (Chrono Boost)  
  78  6:51  Probe (Chrono Boost)  
  78  6:52  Zealot x2, Probe (Chrono Boost)  
  83  6:55  Probe (Chrono Boost)  
  83  6:57  Pylon  
  83  6:58  Immortal, Protoss Ground Weapons Level 1 (Chrono Boost)  
  83  6:59  Shield Battery, Probe (Chrono Boost)  
  83  7:00  Probe (Chrono Boost)  
  83  7:01  Probe (Chrono Boost), Gateway  
  89  7:02  Gateway  
  90  7:09  Probe  
  90  7:13  Stalker  
  93  7:15  Stalker  
  93  7:16  Probe  
  93  7:19  Assimilator  
  93  7:21  Probe  
  93  7:22  Assimilator, Probe  
  98  7:28  Probe  
  99  7:30  Gateway x2  
  99  7:33  Probe  
  99  7:34  Probe  
  101  7:43  Pylon  
  101  7:50  Gateway  
  101  7:54  Gateway  
  101  7:58  Pylon, Observer  
  101  8:02  Photon Cannon  
  101  8:04  Pylon, Sentry, Stalker  
  101  8:05  Stalker  
  108  8:15  Charge (Chrono Boost)  
  108  8:17  Pylon  
  108  8:19  Nexus  
  108  8:22  Observer  
  108  8:27  Zealot, Stalker x4  
  111  8:31  Templar Archives  
  119  8:34  Pylon  
  119  8:38  Zealot, Probe  
  119  8:39  Photon Cannon  
  121  8:52  Photon Cannon  
  121  8:54  Pylon  
  121  8:56  Zealot x5  
  121  8:57  Pylon  
  131  9:06  Shield Battery  
  131  9:07  High Templar x2  
  131  9:08  Zealot  
  131  9:09  Protoss Ground Weapons Level 2 (Chrono Boost), Warp Prism  
  139  9:12  Archon  
  139  9:17  Zealot  
  139  9:18  Zealot  
  139  9:30  High Templar x4  
  138  9:31  Probe x2  
  138  9:32  Probe  
  138  9:36  Archon x2  
  140  9:43  Probe x2, Forge  
  140  9:44  Probe  
  140  9:45  Pylon  
  143  9:49  Zealot, High Templar x2  
  149  9:53  Archon  
  149  9:54  Photon Cannon  
  149  9:55  Probe x2  
  149  9:56  Probe  
  149  9:57  Pylon  
  149  10:07  Probe  
  149  10:08  Probe  
  149  10:11  Zealot x6  
  163  10:19  Protoss Ground Armor Level 1 (Chrono Boost)  
  161  10:23  Immortal  
  161  10:24  Zealot x2  
  169  10:39  Stalker x4  
  167  10:57  Immortal, Probe, Gateway  
  167  10:58  Gateway  
  167  10:59  Gateway  
  170  11:08  Nexus  
  170  11:10  Protoss Ground Weapons Level 3 (Chrono Boost)  
  170  11:12  Zealot x8  
  184  11:21  Pylon  
  184  11:24  Pylon  
  174  11:33  Probe  
  174  11:35  Phoenix  
  174  11:37  Stargate  
  177  11:44  Zealot x8  
  191  11:56  Protoss Air Weapons Level 1, Photon Cannon  
  191  11:57  Shield Battery  
  191  11:59  Observer  
  174  12:16  Zealot x9  
  174  12:17  Zealot x2  
  174  12:23  Phoenix (Chrono Boost)  
  174  12:27  Fleet Beacon  
  174  12:28  Probe (Chrono Boost)  
  174  12:29  Probe x2 (Chrono Boost)  
  181  12:31  Phoenix (Chrono Boost)  
  180  12:38  Protoss Ground Armor Level 2 (Chrono Boost), Probe (Chrono Boost)  
  180  12:39  Phoenix  
  180  12:43  Probe x3 (Chrono Boost)  
  185  12:46  Unknown, Probe (Chrono Boost)  
  185  12:48  Phoenix  
  185  12:50  Probe x2  
  188  13:04  Phoenix  
  188  13:07  High Templar x2  
  188  13:08  High Templar x2  
  196  13:13  Archon x2  
  196  13:15  Shield Battery  
  196  13:17  Phoenix  
  198  13:25  Photon Cannon  
  198  13:27  Photon Cannon, Anion Pulse-Crystals (Chrono Boost)  
  198  13:28  Photon Cannon  
  198  13:36  Protoss Shields Level 1 (Chrono Boost)  
  198  13:37  Dark Shrine  
  198  13:39  Photon Cannon  
  198  13:40  Shield Battery  
  198  13:46  Photon Cannon  
  198  13:48  Photon Cannon  
  198  13:49  Photon Cannon  
  198  13:51  Pylon  
  198  13:54  Photon Cannon  
  198  13:55  Assimilator, Photon Cannon  
  198  13:57  Assimilator, Photon Cannon x3  
  198  13:58  Photon Cannon  
  198  13:59  Zealot x2, Photon Cannon  
  196  14:23  Carrier (Chrono Boost)  
  194  14:24  Carrier (Chrono Boost)  
  200  14:31  Photon Cannon  
  200  14:32  Photon Cannon  
  200  14:34  Photon Cannon  
  200  14:36  Protoss Air Weapons Level 2 (Chrono Boost), Photon Cannon  
  200  14:38  Photon Cannon  
  200  14:40  Photon Cannon  
  200  14:42  Robotics Bay  
  198  14:53  Nexus, Shield Battery  
  198  14:55  Pylon, Protoss Ground Armor Level 3 (Chrono Boost)  
  198  14:56  Pylon  
  189  15:18  Zealot x5  
  199  15:21  Photon Cannon  
  199  15:24  Photon Cannon  
  199  15:26  Photon Cannon  
  199  15:35  Dark Templar  
  199  15:36  Nexus  
  197  15:50  Pylon  
  197  15:56  Observer, Carrier  
  197  16:04  Pylon  
  196  16:10  Gravitic Boosters (Chrono Boost)  
  196  16:15  Photon Cannon  
  196  16:16  Assimilator  
  196  16:17  Photon Cannon  
  196  16:19  Photon Cannon  
  196  16:22  Robotics Facility  
  196  16:24  Carrier, Photon Cannon  
  196  16:25  Robotics Facility  
  200  16:26  Photon Cannon  
  200  16:27  Photon Cannon  
  200  16:28  Photon Cannon  
  200  16:29  Photon Cannon, Shield Battery  
  188  16:36  Zealot x6  
  197  17:00  Zealot, Gravitic Drive, Dark Templar  
  199  17:04  Photon Cannon  
  199  17:07  Photon Cannon x3  
  193  17:08  Photon Cannon  
  193  17:10  Photon Cannon  
  181  17:20  Zealot x7  
  181  17:21  Zealot x2  
  189  17:23  Protoss Shields Level 2 (Chrono Boost)  
  183  17:30  Carrier x2 (Chrono Boost)  
  185  17:42  Photon Cannon  
  185  17:44  High Templar x4, Photon Cannon x2  
  185  17:45  Observer  
  185  17:46  Protoss Air Weapons Level 3 (Chrono Boost)  
  185  17:49  Archon x2  
  182  18:14  High Templar x4  
  182  18:18  Archon  
  190  18:20  Archon  
  190  18:25  Photon Cannon x2  
  190  18:26  Phoenix (Chrono Boost)  
  188  18:27  Observer  
  188  18:32  Phoenix (Chrono Boost)  
  186  18:45  Stargate  
  186  18:46  Stargate  
  186  18:47  Phoenix (Chrono Boost)  
  188  18:51  Zealot x8  
  188  18:55  Phoenix  
  188  19:06  Observer, Phoenix (Chrono Boost)  
  179  19:10  Zealot x3  
  179  19:12  Zealot x7, Nexus  
  193  19:22  Mothership (Chrono Boost)  
  181  19:28  Phoenix (Chrono Boost)  
  181  19:30  Phoenix (Chrono Boost)  
  148  19:39  Zealot x11  
  148  19:43  Probe  
  148  19:45  Phoenix x2 (Chrono Boost), Photon Cannon  
  158  19:46  Phoenix (Chrono Boost)  
  158  19:47  Photon Cannon  
  166  19:53  Phoenix (Chrono Boost)  
  158  20:04  High Templar x3  
  158  20:05  High Templar  
  159  20:10  Archon  
  159  20:14  Archon  
  158  20:22  Zealot x7  
  158  20:26  Immortal x2  
  158  20:27  Protoss Air Armor Level 1  
  175  20:42  Nexus  
  175  20:45  Observer  
  175  20:49  High Templar  
  178  20:50  High Templar x3  
  178  20:55  Pylon  
  178  20:56  Archon x2  
  180  21:12  Dark Templar  
  176  21:20  Probe x2  
  178  21:26  High Templar x2  
  178  21:27  High Templar x2  
  178  21:29  Shadow Stride (Chrono Boost), Dark Templar  
  188  21:37  Pylon, Photon Cannon  
  188  21:38  Archon x2  
  178  21:54  Zealot x6  
  154  22:03  High Templar  
  151  22:12  High Templar x3  
  151  22:13  High Templar  
  155  22:18  Archon x2  
  155  22:19  Zealot x6  
  161  22:24  Assimilator  
  161  22:25  Assimilator  
  161  22:36  Nexus  
  161  22:40  Phoenix x4  
  154  22:59  Zealot x7  
  157  23:06  Probe x2  
  154  23:26  Phoenix x2  
  151  23:27  Nexus  
  151  23:30  Dark Templar  
  143  23:55  Photon Cannon  
  143  23:58  Zealot x6  
  154  24:05  Probe x2  
  154  24:06  Probe  
  157  24:13  Observer  
  158  24:29  Zealot x7  
  167  24:39  Probe  
  167  24:40  Probe, Dark Templar  
  171  24:46  Observer  
  171  24:47  Photon Cannon  
  172  25:08  Zealot  
  174  25:17  Shield Battery  
  174  25:26  Observer  
  174  25:34  Nexus  
  171  25:36  Zealot x8  
  171  25:37  Dark Templar  
  187  25:53  Pylon  
  177  26:16  Zealot x8  
  177  26:17  Zealot  
  195  26:21  Photon Cannon  
  181  26:35  Zealot  
  173  27:04  Probe x2  
  169  27:10  Observer x2  
  163  27:31  Shield Battery  
  163  27:34  High Templar x4  
  163  27:35  Zealot x6, Carrier (Chrono Boost)  
  183  27:39  Archon  
  183  27:40  Archon  
  183  27:41  Observer  
  188  28:10  Zealot x3  
  194  28:18  Zealot x4  
  200  28:46  Zealot x2  
  200  28:47  Zealot x3  
  197  28:49  Observer, Photon Cannon  
  197  28:51  Photon Cannon  
  197  28:54  Assimilator  
  184  29:32  Nexus  
  126  30:02  High Templar x2  
  126  30:03  High Templar x4  
  126  30:04  Zealot x4  
  142  30:08  Archon x2  
  142  30:09  Archon  
  138  30:17  Assimilator  
  126  30:30  Zealot x4  
Tags
 
Add a new tag
Caveats
  • Supply blocks, unpowered buildings, or Contaminate may cause inaccurate times.
  • Supply counts are checked every 10 seconds.